 Dungeon Crawl Stone Soup version 0.32-a0-871-ge202e49faa (webtiles) character file.

Game seed: 16180628462430624704

105 KennySheep the Chopper (level 4, -1/38 HPs)
             Began as a Mountain Dwarf Reaver on Mar 30, 2024.
             Slain by Menkaure (15 damage)
             ... on level 4 of the Dungeon.
             The game lasted 00:03:58 (3076 turns).

KennySheep the Chopper (Mountain Dwarf Reaver)      Turns: 3076, Time: 00:03:58

Health: -1/38      AC:  8    Str: 16    XL:     4   Next: 53%
Magic:  6/6        EV:  9    Int: 14    God:
Gold:   103        SH:  0    Dex:  8    Spells: 5/6 levels left

rFire   . . .        a - +0 hand axe
rCold   . . .        (no shield)
rNeg    . . .        c - +3 ring mail
rPois   .            (no helmet)
rElec   .            (no cloak)
rCorr   .            (no gloves)
SInv    .            (no boots)
Will    .....        (no amulet) Stlth
                     (no ring)
HPRegen 0.26/turn    (no ring)
MPRegen 0.10/turn

%: no passive effects
@: no status effects
A: runic magic, artefact enchanting
a: no special abilities


You were on level 4 of the Dungeon.
You visited 1 branch of the dungeon, and saw 4 of its levels.

You collected 103 gold pieces.

Inventory:

Hand Weapons
 a - a +0 hand axe (weapon)
Armour
 b - a +0 leather armour
 c - a +3 ring mail (worn)
Scrolls
 d - a scroll of revelation
 g - a scroll of vulnerability
 h - a scroll of teleportation
 k - a scroll of noise
Potions
 e - a potion of lignification
 i - a potion of curing
 j - a potion of enlightenment


   Skills:
 + Level 3.2 Fighting
 * Level 5.3 Axes
 + Level 2.0 Armour
 - Level 1.3 Dodging
 - Level 1.7 Spellcasting
 - Level 2.6 Conjurations


You had 5 spell levels left.
You knew the following spells:

 Your Spells              Type           Power      Damage    Failure   Level
a - Kiss of Death         Conj/Necr      16%        2d6       16%         1

Your spell library contained the following spells:

 Spells                   Type           Power      Damage    Failure   Level
 Magic Dart               Conj           32%        1d4       10%         1
 Shock                    Conj/Air       16%        1d4       16%         1
 Momentum Strike          Conj/Tloc      8%         3d8       24%         2
 Blink                    Tloc           2%         N/A       38%         2
 Call Imp                 Summ           2%         N/A       38%         2
 Dazzling Flash           Conj/Hex       8%         N/A       43%         3
 Hailstorm                Conj/Ice       4%         3d5       43%         3
 Swiftness                Air            1%         N/A       63%         3
 Airstrike                Air            0%         2d(1-17)  95%         4
 Maxwell's Portable Pile  Tloc           1%         2d(5-10)  95%         4
 Arcjolt                  Conj/Air       2%         1d12      99%         5
 Starburst                Conj/Fire      2%         6d3       100%        6
 Maxwell's Capacitive Co  Air            0%         ∞         100%        8


Dungeon Overview and Level Annotations

Branches:
Dungeon (4/15)
 Temple: D:4-7

Altars:

Annotations:
D:4 Menkaure


Innate Abilities, Weirdness & Mutations

Your spellcasting is much less encumbered by armour.
You can use scrolls of enchantment on lesser artefacts.


Message History

You closely miss the adder.
The adder is almost dead.
The adder bites you but does no damage. The adder misses you.
You closely miss the adder.
The adder is almost dead.
The adder barely misses you.
You miss the adder.
The adder is almost dead.
The adder bites you but does no damage.
You miss the adder.
The adder is almost dead.
The adder bites you but does no damage. The adder closely misses you.
You closely miss the adder.
The adder is almost dead.
The adder bites you but does no damage.
You hit the adder.
You kill the adder!
Your Armour skill increases to level 2!
No target in view!
You climb upwards.
There is a stone staircase leading down here.
You see here a quokka skeleton.
Things that are here:
a +0 dagger; a kobold skeleton
There is a stone staircase leading down here.
You climb downwards.
You hear the hiss of flowing sand.
There is an entrance to an ossuary on this level.
Hurry and find it before the portal is buried!
Found a stone staircase leading down.
There is a stone staircase leading up here.
Menkaure, Prince of Dust comes into view.
Menkaure shouts!
Menkaure calls on the powers of darkness!
Your body is wracked with pain!
Menkaure points at you and mumbles some strange words.
Pain shoots through your body!
You hit Menkaure but do no damage.
You hear the slow hiss of a very distant avalanche of sand.
Menkaure hits you!
You die...

# ≈ #.
I§#.###
.≈.....
§§§....
.......######
.......@...>#
......M.#.#.#
####..#.#.#.#
.....#.#.#.#
..#.. ..#.#<#
# ### ###.#.#
#.#.# #.#..
#.#


You could see Menkaure.

Vanquished Creatures
  3 adders
  A dart slug (D:1)
  An orc (D:3)
  5 endoplasms
  3 giant cockroaches
  8 goblins
  4 hobgoblins
  3 jackals (D:1)
  5 quokkas
  7 ball pythons
  5 bats
  3 frilled lizards
  5 kobolds
  26 rats
79 creatures vanquished.

Notes
Turn   | Place    | Note
-------+----------+-------------------------------------------
     0 | D:1      | KennySheep the Mountain Dwarf Reaver began the quest for
                  | the Orb.
     0 | D:1      | Reached XP level 1. HP: 17/17 MP: 3/3
   310 | D:1      | Reached skill level 4 in Axes
   356 | D:1      | Reached XP level 2. HP: 10/20 MP: 2/4
   515 | D:1      | Reached skill level 1 in Armour
   686 | D:1      | Reached XP level 3. HP: 26/26 MP: 5/5
  1591 | D:2      | Reached XP level 4. HP: 35/38 MP: 6/6
  1616 | D:2      | Reached skill level 5 in Axes
  2971 | D:4      | Noticed an ogre
  2971 | D:4      | Noticed a phantom
  3072 | D:4      | Noticed Menkaure
  3076 | D:4      | Slain by Menkaure

Illustrated notes

Levels and vault maps discovered:
D:1:      lemuel_arrival_room, layout_basic
D:2:      layout_loops_corners, minmay_rat_hole
D:3:      layout_basic
D:4:      layout_basic, grunt_temple_overflow_forces_of_nature,
          minmay_temple_entry_grid, enter_ossuary_2, uniq_menkaure

Skill      XL: |  1  2  3  4 |
---------------+-------------+-----
Axes           | 4 5 |  5.3
Armour         | 1 2 |  2.0
Fighting       | 3 |  3.2
Dodging        | |  1.3
Spellcasting   | |  1.7
Conjurations   | |  2.6

Action                     |  1- 3 |  4- 6 || total
---------------------------+-------+-------++-------
  Melee: Hand axe          |   142 |    67 ||   209
   Cast: Kiss of Death     |     3 |       ||     3
    Use: Scroll            |       |     6 ||     6
         Potion            |       |     1 ||     1
 Armour: Leather armour    |    25 |       ||    25
         Ring mail         |    83 |    40 ||   123
  Dodge: Dodged            |    78 |    35 ||   113

Table legend: (Time is in decaauts)
 A = Elapsed time spent in this place.
 B = Non-inter-level travel time spent in this place.
 C = Inter-level travel time spent in this place.
 D = Time resting spent in this place.
 E = Time spent auto-exploring this place.
 F = Levels seen in this place.
 G = Mean time per level.
                   A        B        C        D        E       F      G
               +--------+--------+--------+--------+--------+-----+--------+
         Total |   3091 |   2961 |    130 |    133 |   2377 |   4 |  772.8 |
       Dungeon |   3091 |   2961 |    130 |    133 |   2377 |   4 |  772.8 |
               +--------+--------+--------+--------+--------+-----+--------+

Top non-repeatable levels by time:
     D:1: 1139 daAuts
     D:3: 1064 daAuts
     D:2: 860 daAuts
     D:4: 27 daAuts
